 Dungeon Crawl Stone Soup version 0.31-a0-844-gdc52ec4e09 (webtiles) character file.

Game seed: 12761626699473578634

6512 avis the Nimble (level 10, -1/46 HPs)
             Began as a Felid Shapeshifter on Sept 30, 2023.
             Was an Initiate of Gozag.
             Slain by a death yak (20 damage)
             ... on level 1 of the Lair of Beasts.
             The game lasted 00:48:50 (9263 turns).

avis the Nimble (Felid Shapeshifter)                Turns: 9263, Time: 00:48:51

Health: -1/46      AC:  2    Str: 12    XL:     10   Next: 69%
Magic:  15/15      EV: 30    Int: 11    God:    Gozag
Gold:   970        SH:  0    Dex: 25    Spells: 12/15 levels left
                                        Lives:  0   Deaths: 4

rFire   . .          .
                       - Unarmed
rCold   . . .        (shield unavailable)
rNeg    . . .        (body armour unavailable)
rPois   .            (helmet unavailable)
rElec   .            (cloak unavailable)
rCorr   .            (gloves unavailable)
SInv    +            (boots unavailable)
Will    +....        m - amulet of regeneration
Stlth   ++           d - +6 ring of dexterity
HPRegen 1.07/turn    (no ring)
MPRegen 0.14/turn

%: no passive effects
@: flux-form, glowing, quick
A: glow, contaminating, very small, claws 1, fangs 3, see invisible, speed 1,
shaggy fur 2, stealthy paws, no weapons or thrown items, no armour, multi-lived
a: Begin Untransformation, Renounce Religion, Potion Petition, Call Merchant,
Bribe Branch


You were on level 1 of the Lair of Beasts.
You worshipped Gozag.
Gozag was pleased with you.
You were something dangerously unstable.
You visited 3 branches of the dungeon, and saw 11 of its levels.

You collected 1079 gold pieces.
You paid 109 gold pieces to Gozag.

Inventory:

Jewellery
 d - a +6 ring of dexterity (left paw)
 m - an amulet of regeneration (around neck)
Talismans
 c - a flux talisman (active)
Wands
 b - a wand of mindburst (6)
 o - a wand of charming (11)
 v - a wand of acid (5)
Scrolls
 e - a scroll of torment {unknown}
 f - a scroll of noise {unknown}
 g - 2 scrolls of poison {unknown}
 h - a scroll of amnesia {unknown}
 i - a scroll of immolation {unknown}
 j - 3 scrolls of brand weapon {unknown}
 q - 2 scrolls of revelation {unknown}
 r - a scroll of teleportation {unknown}
 s - 4 scrolls of blinking
 t - a scroll of silence {unknown}
 y - a scroll of enchant armour {unknown}
Potions
 a - a potion of enlightenment
 k - a potion of curing
 l - a potion of resistance
 n - 2 potions of lignification
 p - 2 potions of mutation
 w - 2 potions of attraction {unknown}
 x - a potion of brilliance {unknown}


   Skills:
 * Level 6.9 Fighting
 - Level 12.0 Dodging
 - Level 5.0 Stealth
 - Level 4.0 Unarmed Combat
 - Level 3.0 Spellcasting
 - Level 3.0 Conjurations
 - Level 3.0 Air Magic
 - Level 3.0 Poison Magic
 - Level 9.0 Shapeshifting


You had 12 spell levels left.
You knew the following spells:

 Your Spells              Type           Power      Damage    Failure   Level
c - Mephitic Cloud        Conj/Pois/Air  8%         N/A       22%         3

Your spell library contained the following spells:

 Spells                   Type           Power      Damage    Failure   Level
 Magic Dart               Conj           32%        1d4       8%          1
 Cigotuvi's Dreadful Rot  Necr/Pois/Air  12%        N/A       17%         2
 Call Imp                 Summ           2%         N/A       36%         2
 Dazzling Flash           Conj/Hex       8%         N/A       38%         3
 Olgreb's Toxic Radiance  Pois           8%         N/A       58%         4
 Dispel Undead            Necr           1%         3d6       95%         4
 Silence                  Hex/Air        2%         N/A       98%         5
 Agony                    Necr           1%         N/A       100%        5
 Death Channel            Necr           0%         N/A       100%        6
 Discord                  Hex            0%         N/A       100%        8
 Ignition                 Fire           0%         3d3       100%        8


Dungeon Overview and Level Annotations

Branches:
Dungeon (8/15)             Temple (1/1) D:6            Lair (2/5) D:8
  Swamp: Lair:2-3    Shoals: Lair:2-3     Snake: Lair:2-3    Spider: Lair:2-3

Altars:
Ashenzari
Cheibriados
Dithmenos
Elyvilon
Fedhas
Gozag
Hepliaklqana
Kikubaaqudgha
Makhleb
Nemelex Xobeh
Qazlal
Ru
Sif Muna
Trog
Uskayaw
Vehumet
Wu Jian
Xom
Yredelemnul
Zin
The Shining One

Annotations:
D:2 Ogre with spiked club
D:3 Ogre with spiked club
D:4 3 runed translucent doors, TheScarfBastard's ghost, amateur DsBe
D:5 3 runed translucent doors, beavisfan's ghost, novice OpCK


Innate Abilities, Weirdness & Mutations

You are something dangerously unstable.
You glow with magical radiation, making you easy to see and hit.
Foes you strike become dangerously contaminated with magical radiation.
You have sharp claws.
You have razor-sharp teeth.
You have supernaturally acute eyesight. (SInv)
You cover ground quickly. (Speed+)
You are covered in thick fur. (AC +2)
Your paws help you pounce on unaware monsters.
You are incapable of wielding weapons or throwing items.
You cannot wear armour.
You gain extra lives every three experience levels.


Message History

There is a stone staircase leading down here.
There is a stone staircase leading down here.
You climb downwards.
The death yak bellows! x3
There is a stone staircase leading up here.
The death yak misses you.
You climb upwards.
There is a stone staircase leading down here.
You scratch the death yak.
The death yak begins to glow.
The death yak is lightly wounded.
The death yak closely misses you.
You scratch the death yak.
The death yak glows dangerously bright.
You bite the death yak, but do no damage.
The death yak is lightly wounded.
The death yak gores you!!
Ouch! That really hurt!
The death yak attacks as it pursues you!
The death yak misses you.
Aiming: Corrosive Bolt
Press: ? - help, Shift-Dir - straight line, f - death yak
Aim: a death yak (heavily contaminated, 93% to hit)
The bolt of acid hits the death yak.
The death yak is lightly wounded.
Aiming: Corrosive Bolt
Press: ? - help, Shift-Dir - straight line, f/p - death yak
Aim: a death yak (contaminated, 93% to hit)
The bolt of acid hits the death yak.
The acid corrodes the death yak!
The death yak is lightly wounded.
The death yak attacks as it pursues you!
The death yak closely misses you.
The death yak attacks as it pursues you!
The death yak gores you!
Aiming: Mindburst
Press: ? - help, Shift-Dir - straight line, f/p - death yak
Aim: a death yak (lightly wounded, contaminated, covered in acid, chance to affect: 6%)
The death yak resists with almost no effort.
The death yak attacks as it pursues you!
The death yak gores you!!
You die...
Your body crumbles into a pile of gold.

##.## ##.# ##.............#
#####.######..# ##..............#
.#.....##.#.#.###.#.............#
........(...........[...........#
###..#..#.#.####.####P##........#
#######.### #.# ####.........
#..# #.# #P........# ##.## #Y#
##........# ##..# #p# #.........
#..## #.# #........# ##..###
#.#######........#
#########.##.###.##.P.#.........#
....^...........................#
.......#######........###.#######
.......# #........# ### .......#
#........# .......## #........#


You could see a death yak (contam, corroded).

Vanquished Creatures
  Pikel (D:8)
  A black mamba (Lair:1)
  A cane toad (D:8)
  3 komodo dragons (Lair:1)
  3 blink frogs (Lair:1)
  A shadow (D:6)
  4 wyverns
  4 yaks (D:8)
  A steam dragon (D:7)
  A basilisk (Lair:1)
  3 water moccasins (Lair:1)
  An orc warrior (D:7)
  A black bear (Lair:1)
  2 ogres
  2 centaurs
  A kobold brigand (D:8)
  Blork the orc (D:6)
  5 bullfrogs
  3 scorpions
  5 wights
  2 howler monkeys (D:5)
  3 hounds
  A gnoll bouda (D:8)
  An orc priest (D:2)
  2 sleepcaps
  An iguana (D:4)
  3 orc wizards
  10 adders
  5 gnolls (D:8)
  A shadow imp (D:7)
  4 white imps
  3 worms
  2 dart slugs
  26 orcs
  9 ball pythons
  6 bats
  12 endoplasms
  5 giant cockroaches
  6 goblins
  4 hobgoblins
  4 quokkas
  7 frilled lizards
  10 kobolds
  6 rats
177 creatures vanquished.

Vanquished Creatures (collateral kills)
  A cane toad (Lair:1)
1 creature vanquished.

Vanquished Creatures (others)
  A blink frog (Lair:1)
1 creature vanquished.

Grand Total: 179 creatures vanquished

Notes
Turn   | Place    | Note
-------+----------+-------------------------------------------
     0 | D:1      | avis the Felid Shapeshifter began the quest for the Orb.
     0 | D:1      | Reached XP level 1. HP: 9/9 MP: 2/2
   100 | D:1      | Reached XP level 2. HP: 8/13 MP: 3/3
   203 | D:1      | Reached skill level 3 in Dodging
   268 | D:1      | Reached skill level 1 in Stealth
   531 | D:1      | Reached XP level 3. HP: 16/16 MP: 4/4
  1795 | D:2      | Reached XP level 4. HP: 21/21 MP: 5/5
  1913 | D:2      | Killed from afar by an orc priest
  2130 | D:2      | HP: 1/31 [poisoned by an adder]
  2133 | D:2      | Succumbed to an adder's poison
  2167 | D:3      | Reached XP level 5. HP: 20/24 MP: 6/6
  2574 | D:3      | Reached skill level 5 in Shapeshifting
  2893 | D:3      | Found a faded altar of an unknown god.
  3166 | D:4      | Learned a level 3 spell: Mephitic Cloud
  3189 | D:4      | Noticed an ogre
  3474 | D:4      | Gained mutation: You are covered in thick fur. (AC +2)
                  | [Felid growth]
  3474 | D:4      | Reached XP level 6. HP: 19/28 MP: 7/7
  3648 | D:4      | Found a runed translucent gate.
  3650 | D:4      | Found a runed translucent gate.
  3651 | D:4      | Found a runed translucent gate.
  3652 | D:4      | Noticed TheScarfBastard's ghost (amateur DsBe)
  3952 | D:5      | Entered Level 5 of the Dungeon
  4231 | D:5      | Reached skill level 1 in Spellcasting
  4231 | D:5      | Reached skill level 1 in Conjurations
  4231 | D:5      | Reached skill level 1 in Air Magic
  4231 | D:5      | Reached skill level 1 in Poison Magic
  4231 | D:5      | Reached XP level 7. HP: 32/32 MP: 9/9
  4487 | D:5      | Reached skill level 4 in Dodging
  4600 | D:5      | Found a runed translucent gate.
  4600 | D:5      | Found a runed translucent gate.
  4600 | D:5      | Found a runed translucent gate.
  4604 | D:5      | Noticed beavisfan's ghost (novice OpCK)
  4673 | D:5      | Reached skill level 5 in Dodging
  4969 | D:6      | Noticed a shadow
  4982 | D:6      | Killed a shadow
  4983 | D:6      | Reached skill level 6 in Dodging
  5208 | D:6      | Found a staircase to the Ecumenical Temple.
  5211 | D:6      | Reached XP level 8. HP: 36/36 MP: 11/11
  5216 | D:6      | Noticed Blork the orc
  5228 | D:6      | Killed Blork the orc
  5232 | Temple   | Entered the Ecumenical Temple
  5297 | Temple   | Became a worshipper of Gozag Ym Sagoz the Greedy
  6246 | D:7      | Reached skill level 5 in Fighting
  6964 | D:7      | Reached skill level 7 in Dodging
  6981 | D:7      | Reached skill level 5 in Stealth
  7074 | D:8      | Reached skill level 8 in Dodging
  7074 | D:8      | Reached XP level 9. HP: 40/40 MP: 13/13
  7198 | D:8      | Reached skill level 9 in Dodging
  7249 | D:8      | Found a staircase to the Lair.
  7277 | D:8      | Found a shimmering altar of Xom.
  7281 | D:8      | Found a glowing silver altar of Zin.
  7283 | D:8      | Found a stormy altar of Qazlal.
  7401 | D:8      | Noticed Pikel
  7429 | D:8      | Killed Pikel
  7441 | D:8      | Found a glowing golden altar of the Shining One.
  8018 | Lair:1   | Entered Level 1 of the Lair of Beasts
  8028 | Lair:1   | Noticed a cane toad
  8064 | D:8      | Killed a cane toad
  8106 | Lair:1   | Reached XP level 10. HP: 33/44 MP: 15/15
  8179 | Lair:1   | Mangled by a komodo dragon
  8218 | Lair:1   | Demolished by a komodo dragon
  8349 | Lair:1   | Reached skill level 10 in Dodging
  8580 | Lair:1   | Noticed a black mamba
  8584 | Lair:1   | Noticed a cane toad
  8596 | Lair:1   | Killed a cane toad
  8600 | Lair:1   | Reached skill level 11 in Dodging
  8743 | Lair:1   | Reached skill level 12 in Dodging
  9242 | Lair:2   | Noticed a death yak
  9242 | Lair:2   | Noticed a death yak
  9242 | Lair:2   | Noticed a death yak
  9242 | Lair:2   | Noticed a death yak
  9263 | Lair:1   | Slain by a death yak

Illustrated notes

Levels and vault maps discovered:
D:1:      saegor_arrival_simple_e, layout_basic
D:2:      layout_basic
D:3:      layout_basic, dreamdust_ecumenical_altar_hidden_monk_grotto
D:4:      layout_cave_pools, gammafunk_ghost_necromancy
D:5:      layout_basic, gammafunk_ghost_nasty_kobolds,
          kennysheep_generic_room_12
D:6:      layout_cave_pools, minmay_temple_entry_large_hall, uniq_blork_the_orc
D:7:      layout_loops_corners, nicolae_figureground_sparkle
D:8:      layout_rooms, minitemple, mainiacjoe_overflow_alcove_2,
          dpeg_oklobed_lair, serial_co_window_serial, co_window_paths_a,
          co_window_paths_b, co_window_paths_a, co_window_of_opportunity_a,
          co_window_paths_a, co_window_paths_b, co_window_2corner,
          co_window_corner_ca, co_window_cross_4, glass_columns_c,
          glass_columns_a, glass_columns_c, glass_columns_a, glass_columns_b,
          uniq_pikel
Temple:   minmay_crystal_spiral_temple
Lair:1:   layout_small_grid
Lair:2:   layout_cellular_growth, nicolae_snake_entry_warm_welcome,
          ebering_ghost_funeral_grove, lemuel_fruit_fields,
          infiniplex_staircase_pool

Skill      XL: |  1  2  3  4  5  6  7  8  9 10 |
---------------+-------------------------------+-----
Fighting       | 2 3 4 5 6 |  6.9
Dodging        | 3 6 8 9 12 | 12.0
Stealth        | 1 2 3 5 |  5.0
Shapeshifting  | 4 5 7 9 |  9.0
Unarmed Combat | 4 |  4.0
Spellcasting   | 1 2 3 |  3.0
Conjurations   | 1 2 3 |  3.0
Air Magic      | 1 2 3 |  3.0
Poison Magic   | 1 2 3 |  3.0

Action                     |  1- 3 |  4- 6 |  7- 9 | 10-12 || total
---------------------------+-------+-------+-------+-------++-------
  Melee: Unarmed           |    75 |   130 |   301 |    86 ||   592
         Bite              |     3 |    12 |    45 |    18 ||    78
         Punch             |     1 |     4 |     4 |       ||     9
   Cast: Mephitic Cloud    |       |       |       |     1 ||     1
  Evoke: Wand              |       |       |     4 |     9 ||    13
    Use: Potion            |       |     2 |     2 |     2 ||     6
         Scroll            |       |       |     4 |     1 ||     5
   Stab: Sleeping          |    10 |     8 |     1 |     1 ||    20
         Distracted        |       |     1 |     2 |       ||     3
         Confused          |       |       |       |     1 ||     1
 Armour: Skin              |    12 |    31 |    72 |    27 ||   142
  Dodge: Dodged            |    32 |    92 |   252 |    79 ||   455
   Form: Flux              |       |       |     1 |       ||     1

Table legend: (Time is in decaauts)
 A = Elapsed time spent in this place.
 B = Non-inter-level travel time spent in this place.
 C = Inter-level travel time spent in this place.
 D = Time resting spent in this place.
 E = Time spent auto-exploring this place.
 F = Levels seen in this place.
 G = Mean time per level.
                   A        B        C        D        E       F      G
               +--------+--------+--------+--------+--------+-----+--------+
         Total |   7758 |   6787 |    971 |    722 |   3883 |  11 |  705.3 |
       Dungeon |   6629 |   5845 |    784 |    642 |   3434 |   8 |  828.6 |
        Temple |    122 |     20 |    102 |      0 |      0 |   1 |  122.0 |
          Lair |   1006 |    922 |     84 |     80 |    449 |   2 |  503.0 |
               +--------+--------+--------+--------+--------+-----+--------+

Top non-repeatable levels by time:
     D:8: 987 daAuts
  Lair:1: 986 daAuts
     D:3: 986 daAuts
     D:2: 975 daAuts
     D:5: 911 daAuts
     D:7: 858 daAuts
     D:1: 824 daAuts
     D:6: 549 daAuts
     D:4: 537 daAuts
  Temple: 122 daAuts
  Lair:2: 19 daAuts
